 Dungeon Crawl Stone Soup version 0.30-a0-694-g3340775977 (webtiles) character file.

Game seed: 8197259555359066435

306 Rrauwl the Chopper (level 6, -1/52 HPs)
             Began as a Hill Orc Monk on Jan 20, 2023.
             Slain by an ogre
             ... wielding a +0 giant club
              (22 damage)
             ... on level 4 of the Dungeon.
             The game lasted 00:07:11 (3143 turns).

Rrauwl the Chopper (Hill Orc Monk)                  Turns: 3143, Time: 00:07:11

Health: -1/52      AC: 13    Str: 16    XL:     6   Next: 39%
Magic:  6/6        EV: 12    Int: 10    God:
Gold:   210        SH:  5    Dex: 13    Spells: 4/5 levels left

rFire   . . .      SeeInvis .    a - +0 hand axe (chaos)
rCold   . . .      Faith    .    (no shield)
rNeg    . . .      Spirit   .    k - +0 chain mail
rPois   .          Reflect  +    (no helmet)
rElec   .          Harm     .    (no cloak)
rCorr   .          Rampage  .    (no gloves)
Will    .....                    n - +0 pair of boots Stlth
                                 o - amulet of reflection
HPRegen 0.28/turn                l - +5 ring of evasion
MPRegen 0.10/turn                e - +4 ring of protection

@: no status effects
A: no striking features
a: no special abilities


You were on level 4 of the Dungeon.
You visited 1 branch of the dungeon, and saw 4 of its levels.

You collected 210 gold pieces.

Inventory:

Hand Weapons
 a - a +0 hand axe of chaos (weapon)
 b - a +0 sling
Armour
 f - a +0 pair of boots
 i - a +0 robe
 k - a +0 chain mail (worn)
 n - a +0 pair of boots (worn)
Jewellery
 d - a ring of protection from fire
 e - a +4 ring of protection (right hand)
 l - a +5 ring of evasion (left hand)
 o - an amulet of reflection (around neck)
Wands
 p - a wand of paralysis (8)
Scrolls
 j - 4 scrolls of enchant armour {unknown}
Potions
 c - 2 potions of ambrosia
 g - a potion of curing
 m - a potion of brilliance


   Skills:
 - Level 4.0 Fighting
 + Level 7.9 Axes
 - Level 2.0 Armour
 - Level 3.0 Dodging
 - Level 2.0 Stealth


You had 4 spell levels left.
You knew the following spells:

 Your Spells              Type           Power      Damage    Failure   Level
a - Apportation           Tloc           0%         N/A       100%        1

Your spell library contained the following spells:

 Spells                   Type           Power      Damage    Failure   Level
 Tukima's Dance           Hex            0%         N/A       100%        3
 Passage of Golubria      Tloc           0%         N/A       100%        4
 Alistair's Intoxication  Tmut/Pois      0%         N/A       100%        5
 Yara's Violent Unravell  Hex/Tmut       0%         3d3       100%        5


Dungeon Overview and Level Annotations

Branches:
Dungeon (4/15)
 Temple: D:4-7

Altars:
Ashenzari
Elyvilon
Makhleb
Uskayaw


Message History

The jackal barks!
An ogre comes into view. It is wielding a +0 giant club.
A jackal comes into view.
The jackal barks!
You completely miss the jackal. The jackal closely misses you.
You hit the jackal.
The jackal is almost dead.
The jackal bites you but does no damage.
You closely miss the jackal.
The jackal is almost dead.
You block the jackal's attack.
You hit the jackal.
You kill the jackal!
You hit the jackal.
The jackal bites you but does no damage.
The jackal barely misses you.
You hit the jackal. You freeze the jackal.
You kill the jackal!
No target in view!
No target in view!
You see here a jackal corpse.
An ogre is nearby!
The ogre shouts!
You hit the ogre but do no damage. The ogre misses you.
You barely miss the ogre. You barely miss the ogre. The ogre misses you.
You hit the ogre but do no damage. You closely miss the ogre.
The ogre hits you with a +0 giant club!
You barely miss the ogre. You block the ogre's attack.
You hit the ogre. You burn the ogre.
The ogre is lightly wounded.
You closely miss the ogre.
The ogre is lightly wounded.
The ogre hits you with a +0 giant club!!
You hit the ogre.
The ogre suddenly seems more resistant.
The ogre is lightly wounded.
You hit the ogre.
The ogre seems to slow down.
The ogre is moderately wounded.
The ogre hits you with a +0 giant club!!
You die...

#.............#
#........[....#
#.........#####
###..........#
#.......††.#
#..........#
#..........#
#..........#
......O@...#
............#
....###.....#
.... #.....# .
.....## ......#
.......#
........


You could see an ogre (resistant, slow).

Vanquished Creatures
  An ogre (D:4)
  An orc priest (D:3)
  Jessica (D:2)
  8 adders
  A shadow imp (D:4)
  A white imp (D:3)
  A worm (D:3)
  A dart slug (D:4)
  3 orcs
  8 endoplasms
  3 giant cockroaches
  6 goblins
  5 hobgoblins
  2 jackals (D:4)
  7 kobolds
  3 quokkas
  8 ball pythons
  5 bats
  4 frilled lizards (D:1)
  3 rats
72 creatures vanquished.

Notes
Turn   | Place    | Note
-------+----------+-------------------------------------------
     0 | D:1      | Rrauwl the Hill Orc Monk began the quest for the Orb.
     0 | D:1      | Reached XP level 1. HP: 19/19 MP: 1/1
   289 | D:1      | Reached XP level 2. HP: 25/27 MP: 2/2
   673 | D:1      | Reached skill level 1 in Armour
   706 | D:1      | Reached XP level 3. HP: 31/33 MP: 3/3
  1190 | D:2      | Noticed Jessica
  1199 | D:2      | Killed Jessica
  1269 | D:2      | Reached XP level 4. HP: 40/40 MP: 4/4
  1276 | D:2      | You fall into a shaft and drop 2 floors!
  1276 | D:4      | Found a broken altar of Ashenzari.
  1276 | D:4      | Found a burning altar of Makhleb.
  1276 | D:4      | Found a white marble altar of Elyvilon.
  1521 | D:3      | Learned a level 1 spell: Apportation
  1652 | D:3      | Reached skill level 5 in Axes
  1934 | D:2      | Reached XP level 5. HP: 45/46 MP: 5/5
  2180 | D:2      | Noticed an eye of devastation
  2182 | D:2      | Found a faded altar of an unknown god.
  2184 | D:2      | Noticed a golden eye
  2185 | D:2      | Noticed a floating eye
  2185 | D:2      | Noticed a floating eye
  2211 | D:2      | Reached skill level 6 in Axes
  2586 | D:3      | Found a hide-covered altar of Uskayaw.
  3041 | D:4      | Noticed an ogre
  3048 | D:4      | Killed an ogre
  3049 | D:4      | Reached skill level 7 in Axes
  3049 | D:4      | Reached XP level 6. HP: 52/52 MP: 6/6
  3143 | D:4      | Slain by an ogre

Illustrated notes

Levels and vault maps discovered:
D:1:      minmay_arrival_arboretum_large, layout_basic, serial_co_window_serial,
          co_window_paths_a, co_window_corner_a, co_window_corner_a,
          co_window_paths_b, co_window_corner_a, co_window_2corner,
          co_window_of_opportunity_c, co_window_2corner, co_window_corner_ca,
          co_window_4corner_a, glass_columns_b, glass_columns_a,
          glass_columns_a, reono_crystal_passage,
          hangedman_abyss_or_decor_stabs, supply_closet_lemuel, minmay_cupped
D:2:      minmay_door_path, layout_loops_ring,
          hellmonk_ecumenical_altar_watching_god, uniq_jessica
D:3:      layout_basic, lemuel_round_altar, serial_curves, eino_curves_02,
          eino_curves_02
D:4:      layout_basic, grunt_temple_overflow_open, temple_hall,
          portal_sewer_entry_c

Skill      XL: |  1  2  3  4  5 |
---------------+----------------+-----
Armour         | 1 2 |  2.0
Fighting       | 4 |  4.0
Stealth        | 2 |  2.0
Dodging        | 3 |  3.0
Axes           | 5 7 |  7.9

Action                   |  1- 3 |  4- 6 || total
-------------------------+-------+-------++-------
Melee: Hand axe          |    79 |   153 ||   232
       Punch             |     1 |     1 ||     2
 Fire: Sling             |       |    14 ||    14
  Use: Potion            |     2 |     3 ||     5
       Scroll            |     2 |     1 ||     3
 Stab: Sleeping          |     4 |     2 ||     6
Armor: Robe              |    15 |    20 ||    35
       Chain mail        |       |    28 ||    28
Dodge: Dodged            |    43 |    80 ||   123
Block: Other             |       |     4 ||     4

Table legend: (Time is in decaauts)
 A = Elapsed time spent in this place.
 B = Non-inter-level travel time spent in this place.
 C = Inter-level travel time spent in this place.
 D = Time resting spent in this place.
 E = Time spent auto-exploring this place.
 F = Levels seen in this place.
 G = Mean time per level.
                   A        B        C        D        E       F      G
               +--------+--------+--------+--------+--------+-----+--------+
         Total |   3160 |   3099 |     61 |     88 |   2320 |   4 |  790.0 |
       Dungeon |   3160 |   3099 |     61 |     88 |   2320 |   4 |  790.0 |
               +--------+--------+--------+--------+--------+-----+--------+

Top non-repeatable levels by time:
     D:1: 1103 daAuts
     D:3: 1062 daAuts
     D:2: 854 daAuts
     D:4: 140 daAuts
